 Dungeon Crawl Stone Soup version 0.31-a0-859-g9dce7d3444 (webtiles) character file.

Game seed: 11644290154603586611

1135 croobank the Chiller (level 8, -3/54 HPs)
             Began as a Demonspawn Ice Elementalist on Oct 9, 2023.
             Was a Priest of Hepliaklqana.
             Slain by an orc warrior
             ... wielding a +0 glaive
              (10 damage)
             ... on level 6 of the Dungeon.
             The game lasted 00:20:22 (5232 turns).

croobank the Chiller (Demonspawn Ice Elementalist)  Turns: 5232, Time: 00:20:22

Health: -3/54      AC:  7    Str:  8    XL:     8   Next: 14%
Magic:  14/14      EV: 15    Int: 18    God:    Hepliaklqana [***...]
Gold:   274        SH:  4    Dex: 23    Spells: 8/15 levels left

rFire   . . .        r - +10 trident of Kuabu {pain, Dex+2}
rCold   . . .        (no shield)
rNeg    . . .        m - +2 animal skin
rPois   .            n - +0 helmet
rElec   .            (no cloak)
rCorr   .            (no gloves)
SInv    .            (no boots)
Will    +....        (no amulet)
Stlth   +++          w - ring of willpower
HPRegen 0.29/turn    C - +6 ring of dexterity
MPRegen 0.14/turn

%: no passive effects
@: no status effects
A: reduced essence, icy blue scales 1, powered by pain 1, condensation shield,
weakness stinger 1
a: Renounce Religion, Recall Ancestor, Ancestor Identity, Transference


You were on level 6 of the Dungeon.
You worshipped Hepliaklqana.
Hepliaklqana was most pleased with you.
You visited 1 branch of the dungeon, and saw 6 of its levels.
You also visited: Sewer.

You collected 274 gold pieces.

Inventory:

Hand Weapons
 f - a +0 short sword
 i - a +4 morningstar of freezing
 k - a +0 dagger
 r - the +10 trident of Kuabu (weapon) {pain, Dex+2}
   (You found it on level 5 of the Dungeon)

   Dex+2:     It affects your dexterity (+2).
 z - a +4 spear of freezing
Missiles
 s - 4 boomerangs
 v - 6 poisoned darts
Armour
 e - a +0 leather armour
 m - a +2 animal skin (worn)
 n - a +0 helmet (worn)
 o - a +0 ring mail
Jewellery
 d - an amulet of faith
 q - a ring of ice
 t - a ring of ice
 w - a ring of willpower (left hand)
 C - a +6 ring of dexterity (right hand)
Wands
 a - a wand of charming (12)
Scrolls
 j - 2 scrolls of poison
 l - 2 scrolls of teleportation
 u - a scroll of revelation {unknown}
 x - a scroll of immolation
 y - 2 scrolls of fog
 B - 2 scrolls of amnesia {unknown}
Potions
 b - a potion of magic
 c - 2 potions of might
 g - 7 potions of curing
 h - a potion of enlightenment
 p - 2 potions of brilliance
 A - a potion of invisibility {unknown}


   Skills:
 + Level 3.7 Fighting
 - Level 1.2 Maces & Flails
 + Level 1.2 Armour
 + Level 4.1 Dodging
 + Level 4.2 Stealth
 + Level 4.0 Spellcasting
 * Level 2.2 Necromancy
 + Level 5.1 Ice Magic


You had 8 spell levels left.
You knew the following spells:

 Your Spells              Type           Power      Damage    Failure   Level
a - Freeze                Ice            88%        1d9       1%          1
b - Frozen Ramparts       Ice            44%        1d7       5%          3
c - Ozocubu's Armour      Ice            22%        N/A       5%          3

Your spell library contained the following spells:

 Spells                   Type           Power      Damage    Failure   Level
 Wereblood                Tmut           3%         N/A       22%         2
 Inner Flame              Hex/Fire       3%         N/A       41%         3
 Summon Ice Beast         Ice/Summ       12%        N/A       45%         4
 Irradiate                Conj/Tmut      1%         3d12      99%         5
 Yara's Violent Unravell  Hex/Tmut       1%         3d3       99%         5
 Enfeeble                 Hex            1%         N/A       100%        7


Dungeon Overview and Level Annotations

Branches:
Dungeon (6/15)             Temple (0/1) D:5           Sewer (visited)

Altars:
Hepliaklqana
Okawaru
Xom
Yredelemnul


Innate Abilities, Weirdness & Mutations

Your life essence is reduced to manifest your ancestor. (-10% HP)
You are partially covered in icy blue scales. (AC +2)
You sometimes gain a little power by taking damage.
A meltable shield of frost defends you. (SH +4)
You have a small tail.


Message History

The orc warrior writhes in agony.
The orc warrior is lightly wounded.
The orc warrior closely misses you.
Jabu gestures at the orc warrior while chanting.
The puff of frost hits the orc warrior!
You reach to attack!
You closely miss the orc warrior.
The orc warrior is heavily wounded.
The orc warrior hits you from afar with a +0 glaive!
You focus on the pain.
You feel your power returning.
The orc warrior hits you from afar with a +0 glaive.
You reach to attack!
You barely miss the orc warrior.
The orc warrior is heavily wounded.
The orc warrior hits you from afar with a +0 glaive!
* * * LOW HITPOINT WARNING * * *
You are too injured to fight recklessly!
You are too injured to fight recklessly!
Reach: r) +10 trident of Kuabu {pain, Dex+2}
Press: ? - help, Dir - move target, f/p - orc warrior
Aim: an orc warrior, wielding a +0 glaive and wearing a +0 plate armour (heavily wounded, ally target, about 28% to evade the +10 trident of Kuabu)
You reach to attack!
You puncture the orc warrior!
The orc warrior writhes in agony.
The orc warrior is almost dead.
The orc warrior closely misses you.
Reach: r) +10 trident of Kuabu {pain, Dex+2}
Press: ? - help, Dir - move target, f/p - orc warrior
Aim: an orc warrior, wielding a +0 glaive and wearing a +0 plate armour (almost dead, ally target, about 28% to evade the +10 trident of Kuabu)
You reach to attack!
You hit the orc warrior but do no damage.
The orc warrior writhes in agony.
The orc warrior is almost dead.
The frozen ramparts melt away.
The orc warrior barely misses you.
The orc warrior hits you from afar with a +0 glaive!
* * * LOW HITPOINT WARNING * * *
Reach: r) +10 trident of Kuabu {pain, Dex+2}
Press: ? - help, Dir - move target, f/p - orc warrior
Aim: an orc warrior, wielding a +0 glaive and wearing a +0 plate armour (almost dead, ally target, about 28% to evade the +10 trident of Kuabu)
You reach to attack!
You hit the orc warrior.
The orc warrior is almost dead.
The orc warrior hits you from afar with a +0 glaive!
You die...

#.....#
#.##..#######.#######
#.###................
#.# ###..#####.......
..# ##.# ....... ###
#.## .....!.
#..####.......
##....#.o.....
####R@)).# #####....#
#.!


You could see the friendly Jabu the battlemage and an orc warrior (ally target).

Vanquished Creatures
  A water moccasin (D:6)
  A scorpion (D:6)
  A wight (D:6)
  A gnoll bouda (D:3)
  A hound (D:4)
  An orc priest (D:3)
  An iguana (D:5)
  A sleepcap (D:4)
  Terence (D:2)
  Natasha (thrice) (D:3)
  Robin (D:2)
  3 gnolls (D:3)
  5 adders
  A worm (D:2)
  A dart slug (D:3)
  8 orcs
  3 ball pythons
  6 bats
  5 endoplasms
  9 giant cockroaches
  11 hobgoblins
  11 jackals
  5 quokkas
  4 frilled lizards (D:1)
  10 goblins
  3 kobolds
  7 rats
105 creatures vanquished.

Vanquished Creatures (collateral kills)
  A water moccasin (Sewer)
  2 wights (D:6)
  A jelly (D:4)
  2 orc priests (D:4)
  2 sleepcaps
  An iguana (D:5)
  An orc wizard (D:6)
  A gnoll (D:3)
  2 adders
  7 orcs
  An endoplasm (D:4)
  A giant cockroach (D:5)
  8 goblins
  6 hobgoblins
  3 jackals
  2 quokkas
  5 ball pythons
  3 kobolds (D:4)
  2 rats
  A butterfly (D:6)
52 creatures vanquished.

Vanquished Creatures (others)
  2 battlemagi
  3 ancestors
5 creatures vanquished.

Grand Total: 162 creatures vanquished

Notes
Turn   | Place    | Note
-------+----------+-------------------------------------------
     0 | D:1      | croobank the Demonspawn Ice Elementalist began the quest
                  | for the Orb.
     0 | D:1      | Reached XP level 1. HP: 13/13 MP: 3/3
   148 | D:1      | Gained mutation: You have a small tail. [demonic ancestry]
   148 | D:1      | Reached XP level 2. HP: 19/20 MP: 0/5
   638 | D:1      | Reached XP level 3. HP: 24/25 MP: 3/6
   701 | D:1      | Learned a level 3 spell: Frozen Ramparts
   989 | D:2      | Found a faded altar of an unknown god.
  1071 | D:2      | Prayed at the altar of an unknown god.
  1071 | D:2      | Became a worshipper of Hepliaklqana the Forgotten
  1071 | D:2      | Reached * piety under Hepliaklqana
  1107 | D:2      | Reached skill level 1 in Fighting
  1290 | D:2      | Reached XP level 4. HP: 28/28 MP: 3/7
  1383 | D:2      | Noticed Robin
  1387 | D:2      | Reached skill level 4 in Ice Magic
  1396 | D:2      | Killed Robin
  1657 | D:2      | Noticed Terence
  1663 | D:2      | Killed Terence
  1740 | D:2      | Learned a level 3 spell: Ozocubu's Armour
  1824 | D:3      | Gained mutation: A meltable shield of frost defends you.
                  | (SH +4) [demonic ancestry]
  1824 | D:3      | Reached XP level 5. HP: 34/34 MP: 0/9
  2119 | D:3      | Noticed Natasha
  2130 | D:3      | Killed Natasha
  2605 | D:3      | Gained mutation: You sometimes gain a little power by
                  | taking damage. [demonic ancestry]
  2605 | D:3      | Reached XP level 6. HP: 39/39 MP: 5/10
  2798 | D:3      | Noticed Natasha
  2805 | D:3      | Killed Natasha
  2971 | D:3      | Noticed Natasha
  2977 | D:3      | Killed Natasha
  3130 | D:4      | Reached ** piety under Hepliaklqana
  3131 | D:4      | Remembered your ancestor Jabu as a battlemage
  3515 | D:4      | Gained mutation: You are partially covered in icy blue
                  | scales. (AC +2) [demonic ancestry]
  3515 | D:4      | Reached XP level 7. HP: 33/45 MP: 9/12
  4089 | D:4      | Found a basalt altar of Yredelemnul.
  4260 | D:5      | Entered Level 5 of the Dungeon
  4260 | D:5      | Found a staircase to the Ecumenical Temple.
  4415 | D:5      | Found a glowing drain.
  4445 | Sewer    | Entered a sewer
  4506 | Sewer    | Reached skill level 1 in Maces & Flails
  4650 | D:5      | Reached *** piety under Hepliaklqana
  4758 | D:5      | Found an iron altar of Okawaru.
  4762 | D:5      | Identified the +10 trident of Kuabu {pain, Dex+2}
  4964 | D:6      | Reached skill level 1 in Necromancy
  4964 | D:6      | Reached skill level 5 in Ice Magic
  5040 | D:6      | Reached XP level 8. HP: 53/53 MP: 9/14
  5046 | D:6      | Reached skill level 1 in Armour
  5136 | D:6      | Found a shimmering altar of Xom.
  5232 | D:6      | Slain by an orc warrior

Illustrated notes

Levels and vault maps discovered:
D:1:      lemuel_arrival_lava_pool, layout_rooms, chequers_jeans,
          kennysheep_another_room
D:2:      layout_basic, ebering_ecumenical_altar_webs, kennysheep_flooded_box,
          uniq_terence, uniq_robin
D:3:      layout_basic, grunt_ministairs_14, minmay_misc_feat_alley,
          uniq_natasha
D:4:      wad_river_or_something, layout_cave_pools,
          mainiacjoe_overflow_alcove_2, minmay_increasing_density
D:5:      layout_basic, amcnicky_altar_gilded, minmay_temple_entry_mist,
          gup_sewer_entry_glass
D:6:      layout_basic, xom_butterflies

Skill      XL: |  1  2  3  4  5  6  7  8 |
---------------+-------------------------+-----
Dodging        | 2 3 4 |  4.1
Stealth        | 2 3 4 |  4.2
Fighting       | 1 2 3 |  3.7
Ice Magic      | 4 5 |  5.1
Spellcasting   | 3 4 |  4.0
Maces & Flails | 1 |  1.2
Necromancy     | 1 2 |  2.2
Armour         | 1 |  1.2

Action                     |  1- 3 |  4- 6 |  7- 9 || total
---------------------------+-------+-------+-------++-------
  Melee: Short sword       |    11 |    15 |       ||    26
         Trident           |       |    30 |    40 ||    70
         Tailslap          |       |     2 |     3 ||     5
         Morningstar       |       |       |    10 ||    10
   Cast: Freeze            |    53 |    28 |       ||    81
         Frozen Ramparts   |       |    22 |    11 ||    33
         Ozocubu's Armour  |       |     9 |     1 ||    10
 Invoke: Ancestor Life: Ba |       |     1 |       ||     1
    Use: Scroll            |       |     6 |    10 ||    16
   Stab: Sleeping          |     8 |     8 |     4 ||    20
 Armour: Robe              |    15 |     1 |       ||    16
         Animal skin       |       |    42 |    22 ||    64
  Dodge: Dodged            |    30 |    51 |    26 ||   107
  Block: Other             |       |    11 |     5 ||    16

Table legend: (Time is in decaauts)
 A = Elapsed time spent in this place.
 B = Non-inter-level travel time spent in this place.
 C = Inter-level travel time spent in this place.
 D = Time resting spent in this place.
 E = Time spent auto-exploring this place.
 F = Levels seen in this place.
 G = Mean time per level.
                   A        B        C        D        E       F      G
               +--------+--------+--------+--------+--------+-----+--------+
         Total |   5274 |   5213 |     61 |   1366 |   2691 |   7 |  753.4 |
       Dungeon |   5156 |   5095 |     61 |   1366 |   2610 |   6 |  859.3 |
         Sewer |    118 |    118 |      0 |      0 |     80 |   1 |  118.0 |
               +--------+--------+--------+--------+--------+-----+--------+

Top non-repeatable levels by time:
     D:3: 1329 daAuts
     D:4: 1145 daAuts
     D:1: 985 daAuts
     D:2: 823 daAuts
     D:5: 562 daAuts
     D:6: 309 daAuts
   Sewer: 118 daAuts
